 Dungeon Crawl Stone Soup version 0.27.1 (webtiles) character file.

Game seed: 8955384394638412661

89 WimpyRanger the Cutter (level 4, -7/48 HPs)
             Began as an Octopode Berserker on Aug 27, 2021.
             Was a Believer of Trog.
             Mangled by Sigmund (20 damage)
             ... on level 2 of the Dungeon.
             The game lasted 00:03:18 (1438 turns).

WimpyRanger the Cutter (Octopode Berserker)         Turns: 1438, Time: 00:03:20

Health: -7/48      AC:  1    Str: 16    XL:     4   Next: 55%
Magic:  4/4        EV: 14    Int:  9    God:    Trog [**....]
Gold:   40         SH:  0    Dex: 12    Spells: 3/3 levels left

rFire    . . .     SeeInvis .   a - +0 short sword
rCold    . . .     Faith    .   (no shield)
rNeg     . . .     Spirit   .   (helmet restricted)
rPois    .         Reflect  .   (no amulet)
rElec    .         Harm     .   (no ring)
rCorr    .         Rampage  .   (no ring)
Will     .....                  (no ring)
Stlth    ..........             (no ring)
HPRegen  0.16/turn              (no ring)
MPRegen  0.09/turn              (no ring)
                                (no ring)
                                (no ring)

@: berserking, very quick
A: almost no armour, amphibious, 8 rings, camouflage 1, gelatinous body 1,
(nimble swimmer 1), tentacles
a: Renounce Religion, Berserk, Trog's Hand


You were on level 2 of the Dungeon.
You worshipped Trog.
Trog was pleased with you.
You visited 1 branch of the dungeon, and saw 2 of its levels.

You collected 82 gold pieces.
You spent 42 gold pieces at shops.

Inventory:

Hand Weapons
 a - a +0 short sword (weapon)
Missiles
 c - 22 bolts
Wands
 g - a wand of polymorph (3)
Scrolls
 b - a scroll of summoning {unknown}
 e - 2 scrolls of teleportation
 h - a scroll of amnesia {unknown}
Potions
 d - 2 potions of curing {unknown}
 f - a potion of heal wounds {unknown}


   Skills:
 + Level 3.6 Fighting
 + Level 3.8 Short Blades
 + Level 3.6 Dodging
 * Level 2.3 Stealth


You had 3 spell levels left.
You didn't know any spells.
Your spell library was empty.

Dungeon Overview and Level Annotations

Branches:
Dungeon (2/15)

Altars:
Zin

Shops:
D:2 ?

Annotations:
D:2 Robin, Sigmund


Innate Abilities, Weirdness & Mutations

You cannot wear most types of armour.
You are amphibious.
You can wear up to eight rings at the same time.
Your skin changes colour to match your surroundings (Stealth+).
Your rubbery body absorbs attacks. (AC +1, EV +1)
((You are camouflaged near water. (Stealth+)))
You have tentacles for arms and can constrict up to eight enemies at once.


Message History

The adder is lightly wounded.
The adder barely misses you.
You barely miss the adder. Your grab misses the adder.
The adder is lightly wounded.
The adder bites you.
You barely miss the adder. Your grab misses the adder. You squeeze the adder!
You kill the adder!
Trog accepts your kill.
You see here an adder corpse.
You hit the worm. You grab the worm.
The worm is lightly wounded.
You constrict the worm.
Sigmund shouts!
The worm bites you!
You barely miss the worm. You squeeze the worm.
The worm is heavily wounded.
You constrict the worm. You hit the worm.
You squeeze the worm, but do no damage.
The worm is heavily wounded.
You constrict the worm. The worm closely misses you.
You hit the worm.
You kill the worm!
Trog accepts your kill.
A red film seems to cover your vision as you go berserk!
You feel yourself moving faster!
You feel mighty!
Sigmund points at you and mumbles some strange words.
You resist with some effort.
You feel a strong urge to attack something.
Sigmund closely misses you.
There is a glowing silver altar of Zin here.
You hit Sigmund. Your grab misses Sigmund. You squeeze Sigmund!
Sigmund is severely wounded.
You puncture Sigmund! Your grab misses Sigmund.
Sigmund is almost dead.
Sigmund breathes a few words.
Sigmund's hands start flickering wildly.
Sigmund hits you with a +5 scythe of distortion!
* * * LOW HITPOINT WARNING * * *
Space warps horribly around you!!
You die...

..........##................#####
..........##................# #
...........[................#####
##.......#...#..........S.g......
######.##..........#...g.#..####
..#..#....†...#.<##...g.g.. .
#.##.......##.######.#### .##..
#.....†....## #.#### #...
###..@....... #..... #.#.#
#..@.....## ....### #.#.####
#.......... ..#.... #.#....#
##......... ..##### #.#....#
##........ .. ##
#.#....#####......... #.
#.#.................. ...
####.#.#.##............. ....
....<....##...... ....


You could see Sigmund.

Vanquished Creatures
  A gnoll (D:1)
  3 adders (D:2)
  A worm (D:2)
  2 dart slugs (D:1)
  A bat (D:1)
  2 endoplasms
  2 giant cockroaches (D:1)
  5 goblins
  4 hobgoblins (D:1)
  6 jackals
  4 kobolds (D:1)
  2 quokkas (D:2)
  3 ball pythons
  A frilled lizard (D:1)
  7 rats
44 creatures vanquished.

Notes
Turn   | Place    | Note
-------+----------+-------------------------------------------
     0 | D:1      | WimpyRanger the Octopode Berserker began the quest for the
                  | Orb.
     0 | D:1      | Reached XP level 1. HP: 16/16 MP: 1/1
    43 | D:1      | Reached XP level 2. HP: 21/21 MP: 2/2
   111 | D:1      | Reached XP level 3. HP: 24/26 MP: 3/3
   525 | D:1      | Reached ** piety under Trog
   823 | D:2      | Reached skill level 1 in Stealth
  1021 | D:2      | Reached XP level 4. HP: 31/31 MP: 4/4
  1034 | D:2      | Found Qudabbul's Magic Scroll Shoppe.
  1041 | D:2      | Noticed Robin
  1043 | D:2      | Bought a scroll of teleportation for 42 gold pieces
  1323 | D:2      | Noticed Sigmund
  1418 | D:2      | Found a glowing silver altar of Zin.
  1438 | D:2      | Mangled by Sigmund

Illustrated notes

Levels and vault maps discovered:
D:1:      minmay_arrival_shattered_statue, layout_basic
D:2:      layout_rooms, serial_shops, shop, nicolae_shop_waterfront,
          basic_altar, uniq_sigmund, uniq_robin

Skill      XL: |  1  2  3  4 |
---------------+-------------+-----
Stealth        | 1 2 |  2.3
Fighting       | |  3.6
Short Blades   | |  3.8
Dodging        | |  3.6

Action                   |  1- 3 |  4- 6 || total
-------------------------+-------+-------++-------
Melee: Short sword       |    61 |    22 ||    83
       Constrict         |    16 |     4 ||    20
       Tentacles         |    11 |     6 ||    17
Invok: Berserk           |       |     1 ||     1
 Stab: Sleeping          |     7 |     3 ||    10
Armor: Skin              |     5 |     2 ||     7
Dodge: Dodged            |    22 |    13 ||    35
